[Event "*** Titled Tuesday 3|2 Blitz"]
[Site "Chess.com"]
[Date "2016.06.07"]
[Round "3"]
[White "Rating-Schmating"]
[Black "josiwales"]
[Result "0-1"]
[WhiteElo "2199"]
[BlackElo "2136"]
[TimeControl "180+2"]
[EndTime "11:35:51 PDT"]
[Termination "josiwales won by checkmate"]

1. e4 c5 2. Nf3 d6 3. d4 cxd4 4. Nxd4 Nf6 5. Bd3 g6 6. O-O Bg7 7. Nc3 a6 8. a4 Nbd7 9. Be3 Nc5 10. Nb3 Nxb3 11. cxb3 Be6 12. Rc1 O-O 13. Bc4 Qd7 14.
Nd5 Bxd5 15. exd5 b5 16. Be2 Rac8 17. Qd3 bxa4 18. bxa4 Rxc1 19. Rxc1 Qxa4 20. Bd4 a5 21. b3 Qb4 22. h3 Rb8 23. Ra1 Nd7 24. Bxg7 Kxg7 25.
Qa6 Nc5 26. Qxa5 Qxb3 27. Qd2 Qb2 28. Rd1 Qxd2 29. Rxd2 Rb1+ 30. Bf1 Kf6 31. f4 Ne4 32. Rd3 h5 33. g3 Kf5 34. Kg2 Rb2+ 35. Kg1 h4 36. Re3 Nxg3 37. Bd3+ Kxf4 38. Rxe7 f5 39. Re6 Kf3 40. Bf1 Nxf1 41. Rxg6 Ng3 42. Rxd6 Rb1+ 43.
Kh2 Rh1# 0-1

[Event "*** Titled Tuesday 3|2 Blitz"]
[Site "Chess.com"]
[Date "2016.06.07"]
[Round "3"]
[White "bugsbunny444"]
[Black "GMKrikor"]
[Result "1/2-1/2"]
[WhiteElo "2366"]
[BlackElo "2547"]
[TimeControl "180+2"]
[EndTime "11:35:54 PDT"]
[Termination "Game drawn by agreement"]

1. Nf3 c5 2. c4 Nc6 3. d4 cxd4 4. Nxd4 Nf6 5. g3 e5 6. Nb5 d6 7. N1c3 Be6 8. Nd5 Rc8 9. Bg2 Bxd5 10. cxd5 Qa5+ 11.
Nc3 Nd4 12. O-O Be7 13. e3 Nb5 14. Bd2 O-O 15. Qb3 Nxc3 16. Bxc3 Qa6 17. Rfc1 Nd7 18. Bf1 Qb6 19. Qb5 Qxb5 20. Bxb5 Nb6 21. e4 f5 22. exf5 Nxd5 23. Bd2 Nf6 24. Bg5 d5 25. Bxf6 Bxf6 26. Bd7 Rxc1+ 27. Rxc1 Rd8 28. Rc8 Kf8 29. Rxd8+ Bxd8 30.
Be6 d4 31. Kf1 Ke7 32. Ke2 Kd6 33. Kd3 Kc5 34. a4 Kb4 35. b3 Bg5 36. f3 b6 37.
Bg8 h6 38. Bc4 a6 39. Bxa6 Kxb3 40. Bb5 Kb4 41. Bd7 Kb3 42. Bb5 Kb2 43. h4 Bf6 44.
h5 Kc1 45. g4 Kd1 46. Bc6 Ke1 47. Be4 Kf2 48. Bd5 Be7 49. Be4 Bb4 50. Bd5 Kg3 51. Be4 Kf4 52. Bd5 Kg5 53. Be4 Kf6 54. Bc6 Ke7 55.
Bd5 Kd6 56. Be4 Bc3 57. Bb7 Kc5 58. Be4 Bb2 59. Bb7 Kb4 60. Bc6 Bc1 61. Bb5 Bg5 62. Bd7 Kb3 63. Bb5 Kb2 64. Bc6 Kc1 65. Bb5 1/2-1/2

[Event "*** Titled Tuesday 3|2 Blitz"]
[Site "Chess.com"]
[Date "2016.06.07"]
[Round "3"]
[White "Fibrinogen"]
[Black "FearlessKing64"]
[Result "1-0"]
[WhiteElo "2291"]
[BlackElo "2078"]
[TimeControl "180+2"]
[EndTime "11:35:55 PDT"]
[Termination "Fibrinogen won on time"]

1. e4 c5 2. Nf3 d6 3. d4 cxd4 4. Nxd4 Nf6 5. Nc3 a6 6. Be2 e5 7. Nb3 Be7 8. Bg5 Be6 9. Bxf6 Bxf6 10. Qd3 O-O 11. O-O-O Be7 12. Nd5 Bxd5 13. Qxd5 Qc7 14. Kb1 Nd7 15. h4 Rad8 16. Qd3 b5 17. h5 h6 18. Rh3 Nb6 19. Bf3 Nc4 20. Nd2 Rc8 21.
Bg4 Rb8 22. Nxc4 bxc4 23. Qc3 a5 24. Rd5 a4 25. a3 Rb6 26. Ra5 Rfb8 27. Rxa4 Rxb2+ 28. Qxb2 Rxb2+ 29. Kxb2 Qb7+ 30. Rb4 Qxe4 31. Bd7 Qd4+ 32.
Rc3 d5 33. Rb8+ Kh7 34. Bf5+ g6 35. hxg6+ fxg6 36. Rb7 Qc5 37. Be6 Kg7 38. Bxd5 Qxd5 39. Rxe7+ Kf6 40. Rc7 Qb5+ 41. Ka2 Qd5 42. f3 e4 43.
fxe4 Qxe4 44. R7xc4 Qxg2 45. a4 Qd5 46. Ka3 h5 47. Rc5 Qd1 48. a5 h4 49. Kb4 Qb1+ 50.
Rb3 Qe1+ 51. Kb5 h3 52. Rxh3 Qf1+ 53. Rd3 g5 54. a6 Qb1+ 55. Kc6 g4 56. a7 Qa2 57.
Kb7 1-0

[Event "*** Titled Tuesday 3|2 Blitz"]
[Site "Chess.com"]
[Date "2016.06.07"]
[Round "3"]
[White "GMHess"]
[Black "ShimanovAlex"]
[Result "1-0"]
[WhiteElo "2577"]
[BlackElo "2651"]
[TimeControl "180+2"]
[EndTime "11:35:58 PDT"]
[Termination "GMHess won by resignation"]

1. c4 g6 2. d4 Bg7 3. Nc3 Nf6 4.
e4 O-O 5. Nf3 d6 6. Be2 Na6 7.
O-O e5 8. Be3 c6 9. d5 Ng4 10.
Bg5 f6 11. Bc1 f5 12. Ng5 Nf6 13. f4 cxd5 14. fxe5 dxe5 15. cxd5 f4 16. d6 Nc5 17. b4 Qb6 18. Nd5 Nxd5 19. Qxd5+ Ne6+ 20. Kh1 Qc6 21. Nxe6 Bxe6 22. Qxe6+ Kh8 23. Bb2 Qxe4 24. Bf3 Qxb4 25.
Bxe5 Rae8 26. Bxg7+ Kxg7 27. Qd5 Rf7 28. Rab1 Qa3 29.
Rxb7 Rxb7 30. Qxb7+ Kh6 31. Qd5 Qa6 32. Rg1 Qa4 33. h4 Qb4 34. d7 1-0

[Event "*** Titled Tuesday 3|2 Blitz"]
[Site "Chess.com"]
[Date "2016.06.07"]
[Round "3"]
[White "Imre91"]
[Black "Er_is_geen_hoop_meer"]
[Result "1-0"]
[WhiteElo "2563"]
[BlackElo "2329"]
[TimeControl "180+2"]
[EndTime "11:36:01 PDT"]
[Termination "Imre91 won by checkmate"]

1. d4 Nf6 2. Nf3 e6 3. Bg5 h6 4. Bh4 d5 5. c4 c6 6. e3 Nbd7 7.
Nc3 Bd6 8. Bd3 O-O 9. O-O dxc4 10. Bxc4 e5 11. d5 Nb6 12. Bb3 c5 13. Nd2 Be7 14.
Bxf6 Bxf6 15. Rc1 Bf5 16. e4 Bd7 17. Na4 Bxa4 18. Bxa4 Rc8 19. Nf3 Rc7 20. Bb5 a6 21.
Be2 Nc8 22. Qc2 Nd6 23. a4 c4 24. b3 c3 25. a5 Bg5 26. Rb1 f5 27. exf5 Qf6 28.
Bc4 e4 29. Ne1 Bd2 30. g3 Rxc4 31. bxc4 Nxf5 32. Qxe4 Nd4 33. Nc2 Nf3+ 34. Kg2 Ng5 35. Qd3 h5 36. f4 Nf7 37. Rxb7 h4 38. Rb6 Qe7 39. Re6 Qc5 40. f5 Ng5 41. gxh4 Nxe6 42. fxe6 Rxf1 43. Kxf1 Qd6 44. Qf3 Qc5 45. Qe4 Kf8 46. Qf5+ Kg8 47. Qe4 Kf8 48. Ke2 Ke7 49. Qd4 Qc8 50. Qxg7+ Kd6 51. Kd3 Kc5 52. Qe7# 1-0

[Event "*** Titled Tuesday 3|2 Blitz"]
[Site "Chess.com"]
[Date "2016.06.07"]
[Round "3"]
[White "petrpalachev"]
[Black "bilelou"]
[Result "0-1"]
[WhiteElo "2383"]
[BlackElo "2168"]
[TimeControl "180+2"]
[EndTime "11:36:06 PDT"]
[Termination "bilelou won by resignation"]

1. d4 e6 2. c4 d5 3. Nc3 Be7 4. Bf4 Nf6 5. Nf3 O-O 6. e3 Nbd7 7. Be2 dxc4 8. Bxc4 c5 9. dxc5 Bxc5 10. O-O a6 11. a4 b6 12. Bd3 Bb7 13. e4 h6 14.
Qe2 Nh5 15. Bd2 Qf6 16. g3 Qe7 17. Rfe1 Nhf6 18. e5 Ng4 19. Ne4 Ngxe5 20. Nxe5 Nxe5 21.
Nxc5 Nf3+ 22. Kf1 Nxh2+ 23. Kg1 Nf3+ 24. Kf1 bxc5 25. Bc3 Nh2+ 26. Kg1 Nf3+ 27. Kf1 Nxe1 28. Rxe1 Bd5 29. Qe5 Qg5 30. Qc7 Qh5 31. Re3 Rac8 32.
Qf4 c4 33. Bc2 Rfd8 34. Re5 Qh1+ 35. Ke2 f6 36. Re3 Bg2 37. Bd4 e5 38. Rxe5 fxe5 39.
Qf5 Qf1+ 40. Kd2 Rxd4+ 0-1

[Event "*** Titled Tuesday 3|2 Blitz"]
[Site "Chess.com"]
[Date "2016.06.07"]
[Round "3"]
[White "theprosecution1"]
[Black "MattyDPerrine"]
[Result "1-0"]
[WhiteElo "2462"]
[BlackElo "2253"]
[TimeControl "180+2"]
[EndTime "11:36:07 PDT"]
[Termination "theprosecution1 won by resignation"]

1. e4 c5 2. Nf3 e6 3. d4 cxd4 4. Nxd4 a6 5. c4 Qc7 6. Nc3 Nf6 7. a3 b6 8. Be3 Bb7 9. f3 d6 10. Rc1 Be7 11. Be2 O-O 12. O-O Nbd7 13. b4 Rac8 14. Kh1 Qb8 15. Qd2 Bd8 16. Rc2 Bc7 17.
Bg1 Kh8 18. Rb1 Rg8 19. Na4 Ba8 20. Qc1 g5 21. Nb2 g4 22. Nd3 Rg6 23. c5 Rcg8 24. c6 gxf3 25. Bxf3 Nf8 26. b5 a5 27. Qf1 d5 28. e5 Ne8 29. Re1 Bd8 30. g3 Qa7 31. Bg2 Qe7 32. Rf2 R6g7 33. Nf4 h6 34. Nh5 Rh7 35.
a4 Qg5 36. Nf4 Bc7 37. Qe2 h5 38. Nf3 Qh6 39. Rff1 Bd8 40. Be3 Qg7 41. Qf2 h4 42. Nxh4 Bxh4 43. gxh4 Qg4 44. h5 Ng7 45. Bh3 Qg5 46.
Ng6+ 1-0

[Event "*** Titled Tuesday 3|2 Blitz"]
[Site "Chess.com"]
[Date "2016.06.07"]
[Round "3"]
[White "FCChelsea14"]
[Black "Abrito99"]
[Result "1-0"]
[WhiteElo "2426"]
[BlackElo "2403"]
[TimeControl "180+2"]
[EndTime "11:36:09 PDT"]
[Termination "FCChelsea14 won by checkmate"]

1. d4 Nf6 2. Nf3 g6 3. c4 Bg7 4. Nc3 d6 5. e4 O-O 6. Be2 e5 7.
Be3 Nc6 8. d5 Ne7 9. Nd2 Ne8 10.
f3 f5 11. Qc2 Kh8 12. O-O-O Ng8 13. Kb1 Bh6 14. Bxh6 Nxh6 15. c5 dxc5 16. Nc4 Nf7 17. h4 f4 18. h5 g5 19. Na4 b6 20. Nc3 Ned6 21. Nxd6 cxd6 22. Bb5 Bd7 23. Bc6 Rc8 24. Qa4 Bxc6 25. dxc6 Qc7 26. Nb5 Qxc6 27. Qc4 Qd7 28.
Rd2 a6 29. Nc3 b5 30. Qb3 Nd8 31. Nd5 Qb7 32. Nc3 Qd7 33. Rhd1 Rc6 34. Qd5 Re8 35.
g3 Qe6 36. Qd3 fxg3 37. Qf1 Rf8 38. Qg2 b4 39. Ne2 Qf6 40. Rd3 Qe7 41. Nxg3 Ne6 42. Nf5 Rxf5 43. exf5 Nf4 44. Qg4 Nxd3 45. Rxd3 c4 46. Rd1 Qf6 47. Qe4 Rc5 48. Ka1 a5 49.
Qa8+ Kg7 50. Qb7+ Kh6 51. Qb6 c3 52. Rxd6 Kxh5 53. Rxf6 c2 54. Rh6# 1-0

[Event "*** Titled Tuesday 3|2 Blitz"]
[Site "Chess.com"]
[Date "2016.06.07"]
[Round "3"]
[White "PowerThinking2650"]
[Black "Philofive"]
[Result "1-0"]
[WhiteElo "2203"]
[BlackElo "2335"]
[TimeControl "180+2"]
[EndTime "11:36:12 PDT"]
[Termination "PowerThinking2650 won by resignation"]

1. e4 e6 2. d4 d5 3. Nd2 Nf6 4. e5 Nfd7 5. Bd3 c5 6. c3 Nc6 7.
Ne2 cxd4 8. cxd4 f6 9. exf6 Nxf6 10. Nf3 Bd6 11. O-O Qc7 12. g3 O-O 13. Bf4 Ng4 14.
h3 e5 15. dxe5 Ngxe5 16. Ng5 h6 17. Bh7+ Kh8 18. Nc3 hxg5 19. Qh5 g6 20. Bxg6+ Kg8 21.
Bxg5 Qg7 22. f4 Qxg6 23. Qh4 Nf7 24. Nxd5 Nxg5 25. fxg5 Kg7 26. Rf6 Bc5+ 27. Kh1 Rxf6 28. gxf6+ Kf7 29. Re1 Be6 30. Nf4 Qxf6 31. Qh7+ Qg7 32.
Qh5+ Kf8 1-0

[Event "*** Titled Tuesday 3|2 Blitz"]
[Site "Chess.com"]
[Date "2016.06.07"]
[Round "3"]
[White "RamonManon0g"]
[Black "profofchess"]
[Result "0-1"]
[WhiteElo "2106"]
[BlackElo "2315"]
[TimeControl "180+2"]
[EndTime "11:36:12 PDT"]
[Termination "profofchess won by resignation"]

1. d4 Nf6 2. Bg5 c5 3. d5 e6 4. e4 h6 5. Bxf6 Qxf6 6. Nc3 a6 7. a4 g5 8. Nf3 Bg7 9. e5 Qd8 10. Bd3 d6 11. exd6 Qxd6 12. dxe6 Qxe6+ 13. Kd2 O-O 14. Re1 Qd6 15. Kc1 Qf4+ 16. Kb1 Nc6 17. Nd5 Qd6 18. Ne7+ Qxe7 19. Rxe7 Nxe7 20. Qe2 Be6 21. h4 g4 22. Qe4 Rfd8 23. Ne5 Rac8 24. Nxg4 c4 25. Nxh6+ Kf8 26. Nxf7 Bxf7 27. Be2 Rd2 28. h5 Rcd8 29. Bxc4 R2d4 30. Qh7 Rxc4 31. Ra3 Rd1+ 32.
Ka2 Rxc2+ 33. Rb3 Rcc1 34. Ka3 Nc6 0-1

[Event "*** Titled Tuesday 3|2 Blitz"]
[Site "Chess.com"]
[Date "2016.06.07"]
[Round "3"]
[White "MinhGTrAn"]
[Black "Keranke"]
[Result "1-0"]
[WhiteElo "2624"]
[BlackElo "2568"]
[TimeControl "180+2"]
[EndTime "11:36:13 PDT"]
[Termination "MinhGTrAn won by resignation"]

1. d4 g6 2. e4 Bg7 3. Nc3 d6 4.
Be3 a6 5. a4 b6 6. Nf3 Bb7 7.
Bd3 Nd7 8. h3 c5 9. O-O cxd4 10.
Bxd4 Ngf6 11. Re1 O-O 12. Qd2 Rc8 13. Rad1 Qc7 14. Nd5 Bxd5 15. exd5 Nc5 16. Bxc5 bxc5 17. Bxa6 Ra8 18. Bb5 Rfb8 19. c3 Ra7 20. b3 Qa5 21. b4 Qb6 22. bxc5 Qxc5 23. Nd4 Rc7 24. Nc6 Rbb7 25. c4 e6 26. dxe6 Rxc6 27. Bxc6 Qxc6 28. Qxd6 Qxd6 29. Rxd6 fxe6 30. Rexe6 Kf7 31. a5 Rb4 32. a6 Ra4 33. Re3 Bf8 34. Rc6 Ne8 35. Rf3+ Kg7 36.
g3 Bb4 37. c5 h5 38. Kg2 Ra5 39. Re3 Nf6 40. Re7+ Kf8 41. Rb7 Ne8 42. Rxb4 1-0

[Event "*** Titled Tuesday 3|2 Blitz"]
[Site "Chess.com"]
[Date "2016.06.07"]
[Round "3"]
[White "HansCoolNiemann"]
[Black "GM_Levan_Pantsulaia"]
[Result "0-1"]
[WhiteElo "2283"]
[BlackElo "2493"]
[TimeControl "180+2"]
[EndTime "11:36:14 PDT"]
[Termination "GM_Levan_Pantsulaia won by checkmate"]

1. d4 Nf6 2. c4 c5 3. d5 e6 4. Nc3 exd5 5. cxd5 d6 6. Nf3 g6 7. Bf4 a6 8. a4 Bg7 9. e3 O-O 10. h3 Re8 11. Be2 Ne4 12. Nxe4 Rxe4 13. Nd2 Rb4 14. Nc4 Nd7 15. O-O Nb6 16. Nxd6 Rxf4 17.
Nxc8 Rxa4 18. Rxa4 Nxa4 19. Qxa4 Rxc8 20. Rd1 Qd6 21.
Qc2 c4 22. e4 b5 23. g3 h5 24. h4 Qe5 25. b3 Qb2 26. Rc1 Qxc2 27. Rxc2 c3 28. f4 Bd4+ 29. Kg2 Rc5 30. Kf3 a5 31. e5 a4 32. bxa4 b4 33. Ke4 b3 34. Bd3 bxc2 35.
Bxc2 Bf2 36. d6 Bxg3 37. Kd4 Bf2+ 38. Ke4 Bxh4 39. Kd4 Bf2+ 40. Ke4 Kf8 41. f5 gxf5+ 42. Kxf5 h4 43. Kf6 h3 44. Bb3 Bh4+ 45. Kf5 h2 46. d7 h1=Q 47. a5 Qf3# 0-1

[Event "*** Titled Tuesday 3|2 Blitz"]
[Site "Chess.com"]
[Date "2016.06.07"]
[Round "3"]
[White "INbetweenMOVE"]
[Black "TheLancer"]
[Result "1-0"]
[WhiteElo "2341"]
[BlackElo "2457"]
[TimeControl "180+2"]
[EndTime "11:36:15 PDT"]
[Termination "INbetweenMOVE won by resignation"]

1. d4 Nf6 2. c4 e6 3. Nc3 Bb4 4. Qc2 Nc6 5. Nf3 d6 6. Bd2 O-O 7. a3 Bxc3 8. Bxc3 Re8 9. b4 e5 10. d5 Nb8 11. e3 a5 12. Be2 axb4 13. axb4 Rxa1+ 14. Bxa1 b5 15. O-O bxc4 16. Bxc4 Nbd7 17. Rc1 Nb6 18. e4 Nh5 19. Bb5 Re7 20. Ne1 f5 21. f3 Rf7 22. Bc3 fxe4 23. fxe4 Qh4 24. Nf3 Qg4 25. h3 Qg6 26. Rf1 Bxh3 27. Be1 Nf4 28. Nh4 Qg5 29. Kh2 Bc8 30. Bg3 Qg4 31. Qc3 g5 32. Nf3 Nh5 33. Be1 Qxe4 34. Nxg5 Rxf1 35.
Nxe4 Nf4 36. Bxf1 Nbxd5 37. Qg3+ Ng6 38. Bc4 Be6 39. Bxd5 1-0

[Event "*** Titled Tuesday 3|2 Blitz"]
[Site "Chess.com"]
[Date "2016.06.07"]
[Round "3"]
[White "Zhani-Z"]
[Black "CM_Perligero"]
[Result "1-0"]
[WhiteElo "2219"]
[BlackElo "2069"]
[TimeControl "180+2"]
[EndTime "11:36:16 PDT"]
[Termination "Zhani-Z won by resignation"]

1. e4 e5 2. Nf3 Nc6 3. Bc4 Bc5 4. c3 d6 5. d4 exd4 6. cxd4 Bb4+ 7. Nc3 Nf6 8. O-O Bxc3 9. bxc3 Nxe4 10. d5 Ne7 11.
Qd4 Nf6 12. Bg5 Nf5 13. Rfe1+ Kf8 14. Qd2 h6 15. Bf4 g5 16. Be3 Ne4 17. Qc2 Nxe3 18. Rxe3 Nf6 19. Rae1 Kg7 20. h4 g4 21. Nd4 Bd7 22. Qd2 Qc8 23. Re7 Bf5 24. Qf4 Bg6 25. Ne6+ Kg8 26. Qxf6 Rh7 27. Nxc7 Rg7 1-0

[Event "*** Titled Tuesday 3|2 Blitz"]
[Site "Chess.com"]
[Date "2016.06.07"]
[Round "3"]
[White "Fawolizzo"]
[Black "jeaston1"]
[Result "0-1"]
[WhiteElo "2000"]
[BlackElo "2032"]
[TimeControl "180+2"]
[EndTime "11:36:19 PDT"]
[Termination "jeaston1 won by resignation"]

1. d4 d5 2. Nf3 Nf6 3. c4 dxc4 4. Qa4+ Nbd7 5. Qxc4 e6 6. g3 a6 7. Bg2 Nb6 8. Qc2 Bb4+ 9. Nbd2 O-O 10. O-O Bd7 11.
a3 Bxd2 12. Bxd2 Bc6 13. Bg5 h6 14. Bf4 Nbd5 15. Be5 Nd7 16. e4 N5f6 17. Bxf6 Nxf6 18. Ne5 Qxd4 19. Nxc6 bxc6 20. Rfd1 Qb6 21. Rac1 Rad8 22. Rxd8 Rxd8 23. h3 Rb8 24. b4 a5 25. Qxc6 axb4 26.
axb4 Qxc6 27. Rxc6 Rxb4 28. e5 Nd5 29. Bxd5 exd5 30.
Rxc7 Re4 31. f4 g5 32. Rd7 gxf4 33. gxf4 d4 34. Rd6 h5 35. Kg2 Rxf4 36. Kg3 Re4 37. Kf3 Rxe5 38. Rxd4 Kg7 39. Kf4 Rb5 40. Rd6 f6 41.
Rd8 Kg6 42. Rg8+ Kf7 43. Rh8 Kg7 44. Rb8 Rxb8 0-1

[Event "*** Titled Tuesday 3|2 Blitz"]
[Site "Chess.com"]
[Date "2016.06.07"]
[Round "3"]
[White "amaidel"]
[Black "SCIM"]
[Result "1/2-1/2"]
[WhiteElo "2445"]
[BlackElo "2268"]
[TimeControl "180+2"]
[EndTime "11:36:24 PDT"]
[Termination "Game drawn by repetition"]

1. e4 c5 2. Nf3 e6 3. b3 b6 4. Bb2 Bb7 5. Nc3 a6 6. g3 b5 7.
d3 Nf6 8. Bg2 d5 9. exd5 exd5 10. O-O Be7 11. Ne5 O-O 12. a4 b4 13. Ne2 Nc6 14. d4 Nxe5 15. dxe5 Ne4 16. Nf4 Bg5 17. Qg4 Bxf4 18. Qxf4 Qe7 19. Rad1 Rad8 20. h4 Nc3 21. Bxc3 bxc3 22. Rd3 d4 23. Bxb7 Qxb7 24.
h5 h6 25. Re1 Rfe8 26. g4 Re6 27. g5 Qe7 28. Rg3 Re8 29. gxh6 Rxe5 30. Rxg7+ Kh8 31. Rxe5 Qxe5 32. Qxf7 Qe1+ 33. Kh2 Qe4 34. Rh7+ Qxh7 35. Qxe8+ Qg8 36. Qe5+ Kh7 37. Qxc5 Qg4 38. b4 Qh4+ 39. Kg2 Qg4+ 40. Kh2 Qh4+ 41. Kg2 Qg4+ 42. Kh2 1/2-1/2

[Event "*** Titled Tuesday 3|2 Blitz"]
[Site "Chess.com"]
[Date "2016.06.07"]
[Round "3"]
[White "Boorchess"]
[Black "biostatistician"]
[Result "0-1"]
[WhiteElo "2361"]
[BlackElo "2298"]
[TimeControl "180+2"]
[EndTime "11:36:24 PDT"]
[Termination "biostatistician won on time"]

1. d4 Nf6 2. c4 g6 3. Nc3 Bg7 4. e4 d6 5. Nf3 O-O 6. Be2 e5 7. O-O Nc6 8. dxe5 dxe5 9. Bg5 Qxd1 10. Rfxd1 h6 11. Bxf6 Bxf6 12. Nd5 Bd8 13. c5 Be6 14. Rac1 f5 15. Bc4 Kf7 16. b4 a6 17. a3 Rc8 18.
exf5 gxf5 19. Ne3 Bxc4 20. Rxc4 Ke6 21. Re1 Bf6 22. g4 fxg4 23. Nxg4 Rcd8 24. Kf1 Rd3 25. Re3 Rxe3 26. Nxe3 Nd4 27. Ne1 Bg5 28. N1c2 Nxc2 29. Nxc2 Rf3 30. h4 Bf4 31. Kg2 Rd3 32. a4 Kd5 0-1

[Event "*** Titled Tuesday 3|2 Blitz"]
[Site "Chess.com"]
[Date "2016.06.07"]
[Round "3"]
[White "rdclayton"]
[Black "silverback96"]
[Result "1-0"]
[WhiteElo "2064"]
[BlackElo "2020"]
[TimeControl "180+2"]
[EndTime "11:36:27 PDT"]
[Termination "rdclayton won by checkmate"]

1. d4 Nf6 2. c4 c5 3. d5 b5 4. cxb5 a6 5. bxa6 g6 6. Nc3 Bg7 7. e4 Qa5 8. Bd2 Bxa6 9. Bxa6 Nxa6 10. e5 Ng8 11. Nf3 Qb6 12. O-O Nh6 13. d6 e6 14.
Bxh6 Bxh6 15. Ne4 Bg7 16. a3 O-O 17. Qc2 Rfb8 18. Rab1 Qb3 19. Rfc1 Qd5 20. h3 Rb5 21. b4 cxb4 22. Qc8+ Rxc8 23. Rxc8+ Bf8 24. Nf6+ Kg7 25.
Nxd5 exd5 26. axb4 f6 27. e6 dxe6 28. d7 Be7 29. d8=Q Bxd8 30. Rxd8 h5 31. Nd4 Rb6 32. b5 Nc5 33. Rc8 e5 34. Rxc5 exd4 35. Rxd5 f5 36.
Rxd4 Kf6 37. Rc4 Ke6 38. Rc6+ Rxc6 39. bxc6 Kd6 40. Rc1 Kc7 41. f4 g5 42. fxg5 h4 43. g6 f4 44. g7 f3 45. g8=Q Kd6 46. Qd8+ Ke5 47. Re1+ Kf4 48. Qf6+ Kg3 49. Qxf3# 1-0

[Event "*** Titled Tuesday 3|2 Blitz"]
[Site "Chess.com"]
[Date "2016.06.07"]
[Round "3"]
[White "jcibarra"]
[Black "vovkcoach"]
[Result "1-0"]
[WhiteElo "2661"]
[BlackElo "2495"]
[TimeControl "180+2"]
[EndTime "11:36:32 PDT"]
[Termination "jcibarra won by resignation"]

1. e4 c6 2. d4 d5 3. e5 Bf5 4. h4 h5 5. Bd3 Bxd3 6. Qxd3 e6 7.
Bg5 Be7 8. Nf3 Qa5+ 9. Nbd2 Qa6 10. c4 Nd7 11. O-O Nh6 12. Rfc1 Nf5 13. Bxe7 Kxe7 14.
b3 Rhd8 15. Qc3 Kf8 16. Nf1 Kg8 17. Ne3 Nf8 18. Nxf5 exf5 19. Qc2 g6 20. Qd2 Ne6 21.
Qh6 dxc4 22. bxc4 Qa3 23. Rd1 Qf8 24. Qxf8+ Kxf8 25. d5 Nc5 26. Ng5 Ke7 27. f3 f6 28.
d6+ Kd7 29. exf6 Rf8 30. f7 Rad8 31. Re1 Kxd6 32. Rad1+ Kc7 33. Re7+ Kc8 34. Rde1 f4 35. R1e5 Nd7 36. R5e6 Nc5 37. Rxg6 Rd1+ 38. Kh2 Kd8 39. Re2 1-0

[Event "*** Titled Tuesday 3|2 Blitz"]
[Site "Chess.com"]
[Date "2016.06.07"]
[Round "3"]
[White "iaraldinho"]
[Black "sandropozo"]
[Result "1-0"]
[WhiteElo "2466"]
[BlackElo "2432"]
[TimeControl "180+2"]
[EndTime "11:36:32 PDT"]
[Termination "iaraldinho won on time"]

1. e4 e6 2. d4 d5 3. Nc3 Bb4 4. e5 Ne7 5. a3 Bxc3+ 6. bxc3 c5 7. Nf3 b6 8. a4 Ba6 9. Bb5+ Bxb5 10. axb5 Qd7 11.
Qe2 a6 12. bxa6 Qc6 13. O-O h6 14. c4 O-O 15. cxd5 Nxd5 16. c4 Nb4 17. a7 N8a6 18. Rd1 Rfd8 19. Be3 Rxa7 20. dxc5 Rxd1+ 21. Qxd1 Rd7 22. Nd4 Qxc5 23. Qg4 Qxe5 24. Rb1 h5 25. Qh4 Kh7 26. h3 f6 27. g4 Rxd4 28. Bxd4 Qxd4 29. Qxh5+ Kg8 30.
Qe8+ Kh7 31. Qxe6 Qd3 32. Re1 Nc2 33. Re4 Nc7 34. Qf5+ Kg8 35. Re8+ Nxe8 36. Qxd3 Nb4 37. Qd7 Kf8 38. Qd8 Nc6 39. Qxb6 Ne5 40. c5 Ke7 41. c6 Nd6 42. c7 Kd7 43. Qxd6+ 1-0

[Event "*** Titled Tuesday 3|2 Blitz"]
[Site "Chess.com"]
[Date "2016.06.07"]
[Round "3"]
[White "ZivkovicN"]
[Black "Indianlad"]
[Result "0-1"]
[WhiteElo "2369"]
[BlackElo "2532"]
[TimeControl "180+2"]
[EndTime "11:36:38 PDT"]
[Termination "Indianlad won by resignation"]

1. e4 c5 2. Nf3 d6 3. c3 Nf6 4. h3 Nbd7 5. d3 g6 6. Be2 Bg7 7. O-O O-O 8. Re1 e5 9. a3 b6 10. b4 Bb7 11. Nbd2 d5 12. Bb2 Rc8 13. Bf1 Re8 14. Rc1 h6 15. g3 c4 16. exd5 cxd3 17. Bxd3 Bxd5 18. c4 Bb7 19. Ne4 Qc7 20. Nfd2 Rcd8 21.
Qb3 Qc6 22. Bf1 Nxe4 23. Nxe4 f5 24. b5 Qe6 25. Nc3 Nc5 26. Qc2 e4 27. Nd5 Bxd5 28. cxd5 Qd6 29. Bc4 Bxb2 30. Qxb2 Rc8 31. Qd4 Rc7 32.
h4 Rec8 33. Red1 Nb3 34. Bxb3 Rxc1 35. Rxc1 Rxc1+ 36. Kg2 Rc5 37. h5 gxh5 38. a4 Kh7 39.
Qd1 Rc3 40. Ba2 Rd3 41. Qxh5 Qg6 42. Qh4 Qg5 43. Qh1 Qg4 44. d6 Rd1 45. Qh3 Qf3+ 0-1

[Event "*** Titled Tuesday 3|2 Blitz"]
[Site "Chess.com"]
[Date "2016.06.07"]
[Round "3"]
[White "Penguininja"]
[Black "Winehouse83"]
[Result "1/2-1/2"]
[WhiteElo "2220"]
[BlackElo "2458"]
[TimeControl "180+2"]
[EndTime "11:36:39 PDT"]
[Termination "Game drawn by repetition"]

1. d4 Nf6 2. Nf3 d5 3. c4 c6 4. e3 Bf5 5. Nc3 e6 6. Nh4 Be4 7. f3 Bg6 8. Qb3 Qb6 9. c5 Qc7 10. Nxg6 hxg6 11. Bd2 Nbd7 12. O-O-O O-O-O 13. g3 b6 14.
Kb1 Kb7 15. Rc1 Ka8 16. cxb6 Qxb6 17. Qc2 Rc8 18. Na4 Qb7 19. Bd3 Bb4 20. Ka1 Rc7 21. Ba6 Qb8 22. Bxb4 Qxb4 23. a3 Qa5 24. Bd3 Rb8 25. Nc5 Nxc5 26. Qxc5 Qxc5 27. Rxc5 Nd7 28.
Rc3 c5 29. dxc5 Nxc5 30. Bc2 Rbc8 31. Rc1 Nd7 32. Rxc7 Rxc7 33. Kb1 Ne5 34. Bd1 Nc4 35. Rc3 Kb7 36. Be2 Nd6 37. Kc2 Nf5 38. Rxc7+ Kxc7 39. Kd3 e5 40. e4 dxe4+ 41. fxe4 Nd4 42. Bd1 Kd6 43. g4 f6 44. h4 Ne6 45. Ke3 Nf4 46.
Bf3 Kc5 47. b3 Ne6 48. Be2 Nf4 49. Bf3 a5 50. Bh1 Ne6 51. Bf3 Nd4 52. Bd1 Ne6 53.
Bf3 Nf4 54. Bh1 Kb5 55. Kd2 Kc5 56. Ke3 1/2-1/2

[Event "*** Titled Tuesday 3|2 Blitz"]
[Site "Chess.com"]
[Date "2016.06.07"]
[Round "3"]
[White "flavettes"]
[Black "dondimi"]
[Result "0-1"]
[WhiteElo "2485"]
[BlackElo "2437"]
[TimeControl "180+2"]
[EndTime "11:36:41 PDT"]
[Termination "dondimi won by resignation"]

1. d4 Nf6 2. Nf3 g6 3. e3 Bg7 4. Be2 O-O 5. O-O d5 6. b4 a5 7. b5 c5 8. bxc6 bxc6 9. c4 Ne4 10. Nfd2 c5 11. Bb2 Nxd2 12. Qxd2 dxc4 13. Bxc4 cxd4 14.
Bxd4 Bxd4 15. exd4 Ba6 16. Rc1 Bxc4 17. Rxc4 Nd7 18.
d5 Nb6 19. Rd4 Rc8 20. Nc3 Qc7 21. Rd3 Nc4 22. Qe1 Nd6 23. Rad1 Rfe8 24. h3 h5 25. Qe5 Nc4 26. Qe2 Qe5 27. Qc2 Nd6 28. Qd2 Rc7 29.
Re3 Qf4 30. Qe1 Rec8 31. Ne4 Nf5 32. Rf3 Qe5 33. Rfd3 Rc2 34. a3 Nd6 35. Nxd6 Qxe1+ 36. Rxe1 exd6 37. Rb1 Rc1+ 38. Rxc1 Rxc1+ 39. Kh2 Rc4 40. Kg3 h4+ 41. Kf3 Kg7 42. Rb3 Kf6 43. Ke3 Ke5 44. Rd3 a4 45. f3 Rc2 46. f4+ Kf5 47. Kf3 Rc4 48. g3 hxg3 49. Kxg3 Rxf4 50. h4 Ke5 51.
Rd1 Rd4 52. Rf1 f5 53. h5 0-1

[Event "*** Titled Tuesday 3|2 Blitz"]
[Site "Chess.com"]
[Date "2016.06.07"]
[Round "3"]
[White "Newlight1"]
[Black "Masterbeaterr"]
[Result "1-0"]
[WhiteElo "2175"]
[BlackElo "2336"]
[TimeControl "180+2"]
[EndTime "11:36:42 PDT"]
[Termination "Newlight1 won by resignation"]

1. d4 d5 2. c4 dxc4 3. e3 c5 4. Bxc4 cxd4 5. exd4 Qc7 6. Bd3 Bg4 7. f3 Bd7 8. Ne2 e6 9. Nbc3 Bd6 10. Ne4 Bb4+ 11. Bd2 Bxd2+ 12. Qxd2 Nc6 13. O-O Nf6 14. Nxf6+ gxf6 15. Rac1 Qd6 16. Be4 f5 17. Bb1 Rd8 18.
Rfd1 Nb4 19. Qh6 Nd5 20. Bxf5 Bb5 21. Bd3 Bxd3 22. Rxd3 Ne7 23. Qf6 Rg8 24. Qh6 Nf5 25. Qxh7 Rg7 26. Qh5 Ke7 27. d5 Rdg8 28. g4 Rg5 29.
Qh3 Qb6+ 30. Kh1 Qxb2 31. Re1 Qc2 32. Rc3 Qd2 33. Qf1 Ne3 34. d6+ Kxd6 35. Qf2 Nd5 36.
Qc5+ Kd7 37. Qb5+ Ke7 38. Qc5+ Kf6 39. Rcc1 Rh8 40. Qd4+ Qxd4 41. Nxd4 Rg6 42. Rc2 Rgh6 43. Rg2 Nf4 44. g5+ Ke7 45. gxh6 Nxg2 46. Kxg2 Rxh6 47. Nf5+ 1-0